 Dungeon Crawl Stone Soup version 0.20.1-1-g8b1a95d (webtiles) character file.

354 Mitsuki the Quickloader (level 6, -3/35 HPs)
             Began as a Kobold Hunter on Sept 11, 2017.
             Slain by KoningWillie's ghost (11 damage)
             ... on level 4 of the Dungeon.
             The game lasted 00:15:38 (3334 turns).

Mitsuki the Quickloader (Kobold Hunter)             Turns: 3334, Time: 00:15:38

Health: -3/35      AC:  5    Str: 10    XL:     6   Next: 95%
Magic:  6/6        EV: 16    Int: 12    God:
Gold:   247        SH:  0    Dex: 17    Spells: 5/5 levels left

rFire    . . .     SeeInvis .   b - +0 short sword
rCold    . . .     Gourm    .   (shield restricted)
rNeg     . . .     Faith    .   c - +0 leather armour
rPois    .         Spirit   .   (no helmet)
rElec    .         Reflect  .   (no cloak)
rCorr    .         Harm     .   l - +0 pair of gloves
MR       .....                  m - +0 pair of boots
Stlth    ++........             (no amulet)
Regen    0.2/turn               (no ring)
MPRegen  0.1/turn               (no ring)

@: no status effects
A: carnivore 3
a: no special abilities


You were on level 4 of the Dungeon.
You were full.

You visited 1 branch of the dungeon, and saw 5 of its levels.

You collected 247 gold pieces.

Inventory:

Hand Weapons
 a - a +1 hand crossbow
 b - a +0 short sword (weapon)
Missiles
 d - 5 bolts
Armour
 c - a +0 leather armour (worn)
 l - a +0 pair of gloves (worn)
 m - a +0 pair of boots (worn)
Scrolls
 e - 2 scrolls of teleportation
 g - 2 scrolls of remove curse
 n - a scroll of magic mapping
 q - a scroll of recharging
Potions
 k - 2 potions of haste
 o - a potion of agility
Comestibles
 f - 2 meat rations
 h - 2 royal jellies


   Skills:
 - Level 2.1 Fighting
 + Level 8.9 Crossbows
 + Level 3.6 Dodging
 - Level 1.3 Stealth


You had 5 spell levels left.
You didn't know any spells.

Dungeon Overview and Level Annotations

Branches:
Dungeon (5/15)
 Temple: D:4-7

Altars:
Elyvilon
Qazlal

Annotations:
D:4 KoningWillie's ghost, novice HOFi


Innate Abilities, Weirdness & Mutations

You are small and have problems with some larger weapons.
You are carnivorous and can eat meat at any time.


Message History

KoningWillie's ghost hits you.
You hit KoningWillie's ghost but do no damage.
KoningWillie's ghost is lightly damaged.
KoningWillie's ghost hits you.
KoningWillie's ghost closely misses you.
You are too injured to fight recklessly!
You hit KoningWillie's ghost.
KoningWillie's ghost is lightly damaged.
KoningWillie's ghost completely misses you.
You hit KoningWillie's ghost.
KoningWillie's ghost is moderately damaged.
KoningWillie's ghost hits you!
* * * LOW HITPOINT WARNING * * *
You hit KoningWillie's ghost.
KoningWillie's ghost is moderately damaged.
KoningWillie's ghost misses you.
You hit KoningWillie's ghost.
KoningWillie's ghost is moderately damaged.
KoningWillie's ghost hits you!
You die...

### #<# #.# #.# #.#
######## #.# .......# #.#
######.# #.# #.# #@# #.#
#W# #.#########.#
#........##.#
#..#####.##.#
#..<...#.##.########
#.W.[....##.##....(#
#...#######.##.....#
######...........##.....#


You could see KoningWillie's ghost.

Vanquished Creatures
  An ogre (D:4)
  A crimson imp (D:3)
  An orc priest (D:3)
  A hound (D:4)
  Robin (D:3)
  8 adders
  An ooze (D:1)
  A worm (D:3)
  3 dart slugs
  2 leopard geckos
  6 orcs (D:3)
  2 giant cockroaches
  14 goblins
  11 hobgoblins
  5 jackals
  A quokka (D:2)
  A ball python (D:3)
  5 bats
  6 frilled lizards
  2 kobolds (D:2)
  5 rats
78 creatures vanquished.

Notes
Turn   | Place    | Note
-------+----------+-------------------------------------------
     0 | D:1      | Mitsuki the Kobold Hunter began the quest for the Orb.
     0 | D:1      | Reached XP level 1. HP: 12/12 MP: 1/1
    67 | D:1      | Reached skill level 5 in Crossbows
   170 | D:1      | Reached XP level 2. HP: 17/17 MP: 2/2
   302 | D:1      | Reached XP level 3. HP: 21/21 MP: 3/3
   503 | D:2      | Reached skill level 6 in Crossbows
   631 | D:2      | Found a white marble altar of Elyvilon.
   633 | D:2      | Found a stormy altar of Qazlal.
   728 | D:2      | Reached XP level 4. HP: 26/26 MP: 4/4
  1241 | D:3      | Reached skill level 7 in Crossbows
  1241 | D:3      | Reached XP level 5. HP: 30/30 MP: 5/5
  1337 | D:3      | Noticed Robin
  1403 | D:3      | Killed Robin
  1808 | D:3      | Reached skill level 8 in Crossbows
  1808 | D:3      | Reached XP level 6. HP: 32/35 MP: 6/6
  2309 | D:4      | Noticed KoningWillie's ghost (novice HOFi)
  2489 | D:4      | Noticed an ogre
  2500 | D:4      | Killed an ogre
  2542 | D:4      | Noticed a phantom
  2571 | D:5      | Entered Level 5 of the Dungeon
  3334 | D:4      | Slain by KoningWillie's ghost

Skill      XL: |  1  2  3  4  5  6 |
---------------+-------------------+-----
Crossbows      | 5 6 7 8 |  8.9
Dodging        | 3 |  3.6
Fighting       | |  2.1
Stealth        | |  1.3

Action                   |  1- 3 |  4- 6 || total
-------------------------+-------+-------++-------
Melee: Short sword       |       |   138 ||   138
 Fire: Hand crossbow     |    57 |    79 ||   136
  Use: Scroll            |       |     7 ||     7
       Potion            |       |     5 ||     5
 Stab: Sleeping          |       |     2 ||     2
  Eat: Chunk             |     4 |     8 ||    12
Armor: Leather armour    |     3 |    35 ||    38
Dodge: Dodged            |    13 |   145 ||   158
